 Dungeon Crawl Stone Soup version 0.29-a0-231-g945431f764 (webtiles) character file.

Game seed: 18047794282151028472

2843 flinch the Tainter (level 9, -4/81 HPs)
             Began as a Naga Venom Mage on Feb 24, 2022.
             Was a Priest of Cheibriados.
             Slain by Harold the elephant (13 damage)
             ... on level 8 of the Dungeon on Feb 28, 2022.
             The game lasted 00:21:38 (6816 turns).

flinch the Tainter (Naga Venom Mage)                Turns: 6816, Time: 00:21:39

Health: -4/81      AC: 16    Str: 17    XL:     9   Next: 74%
Magic:  4/13       EV: 10    Int: 28    God:    Cheibriados [***...]
Gold:   419        SH:  0    Dex: 26    Spells: 6/14 levels left

rFire   . . .      SeeInvis +   i - +12 dagger "Ucilob" {protect, Fragile rPois rC- Dex+8}
rCold   x . .      Faith    .   (no shield)
rNeg    . . .      Spirit   .   z - +0 leather armour
rPois   +          Reflect  .   (no helmet)
rElec   .          Harm     .   n - +0 cloak
rCorr   .          Rampage  .   (no gloves)
Will    +....                   (no barding)
Stlth   ++++......              (no amulet)
HPRegen 0.23/turn               s - +4 ring of protection
MPRegen 0.13/turn               (no ring)

@: under a protective aura, flying, slowed, very slow
A: AC +3, large, see invisible, deformed body, poison resistance, slowness 2,
spit poison 1, naga tail 1
a: Spit Poison, Renounce Religion, Bend Time, Temporal Distortion


You were on level 8 of the Dungeon.
You worshipped Cheibriados.
Cheibriados was most pleased with you.
You visited 2 branches of the dungeon, and saw 9 of its levels.

You collected 419 gold pieces.

Inventory:

Hand Weapons
 g - a +2 dagger of venom
 i - the +12 dagger "Ucilob" (weapon) {protect, Fragile rPois rC- Dex+8}
   (You acquired it on level 5 of the Dungeon)

   It grants its wielder temporary protection when it strikes (+7 to AC).
   Dex:       It affects your dexterity (+8).
   rC:        It makes you vulnerable to cold.
   rPois:     It protects you from poison.
   Fragile:   It will be destroyed if unequipped.
 j - a +2 dagger of electrocution
 y - a +3 war axe of flaming
 B - a +1 rapier of flaming
Missiles
 q - 7 poisoned darts
 u - 5 javelins
 v - a throwing net
Armour
 a - a +0 robe
 l - an orb of wrath
 n - a +0 cloak (worn)
 z - a +0 leather armour (worn)
Magical Staves
 r - a staff of air
Jewellery
 s - a +4 ring of protection (left hand)
Wands
 e - a wand of polymorph (5)
 o - a wand of mindburst (18)
 C - a wand of digging (5)
Scrolls
 b - 3 scrolls of fog
 c - 2 scrolls of enchant weapon
 d - 3 scrolls of teleportation
 t - a scroll of blinking
Potions
 f - a potion of resistance {unknown}
 k - 2 potions of cancellation
 m - 2 potions of might
 p - a potion of ambrosia {unknown}
 w - a potion of magic {unknown}
 x - a potion of lignification {unknown}


   Skills:
 + Level 5.6 Fighting
 + Level 4.9 Short Blades
 + Level 2.2 Armour
 - Level 1.5 Dodging
 - Level 7.0 Stealth
 - Level 3.2 Spellcasting
 - Level 1.0 Transmutations
 + Level 5.3 Ice Magic
 + Level 8.6 Poison Magic
 + Level 2.7 Invocations
 + Level 1.9 Evocations


You had 6 spell levels left.
You knew the following spells:

 Your Spells              Type           Power      Damage    Failure   Level
a - Sting                 Tmut/Pois      100%       1d8       1%          1
c - Freeze                Ice            100%       1d11      1%          1
e - Poisonous Vapours     Pois/Air       56%        N/A       2%          2
t - Olgreb's Toxic Radia  Pois           52%        N/A       2%          4

Your spell library contained the following spells:

 Spells                   Type           Power      Damage    Failure   Level
 Frozen Ramparts          Ice            68%        1d8       3%          3
 Ozocubu's Armour         Ice            34%        N/A       3%          3
 Mephitic Cloud           Conj/Pois/Air  20%        N/A       9%          3
 Ice Form                 Ice/Tmut       22%        N/A       26%         4
 Call Canine Familiar     Summ           4%         N/A       28%         3
 Portal Projectile        Hex/Tloc       8%         N/A       28%         3
 Hailstorm                Conj/Ice       19%        3d6       32%         4
 Summon Ice Beast         Ice/Summ       19%        N/A       32%         4
 Leda's Liquefaction      Hex/Erth       2%         N/A       67%         4
 Blade Hands              Tmut           5%         N/A       87%         5
 Excruciating Wounds      Necr           2%         N/A       95%         5
 Ozocubu's Refrigeration  Ice            17%        4d8       100%        7


Dungeon Overview and Level Annotations

Branches:
Dungeon (8/15)             Temple (1/1) D:5
   Lair: D:8-11

Altars:
Ashenzari
Cheibriados
Dithmenos
Elyvilon
Fedhas
Gozag
Hepliaklqana
Kikubaaqudgha
Makhleb
Nemelex Xobeh
Qazlal
Ru
Sif Muna
Trog
Uskayaw
Wu Jian
Xom
Yredelemnul
Zin
The Shining One

Shops:
D:3 !

Annotations:
D:8 2 transporters, Aksej's ghost, novice SpHu; Harold


Innate Abilities, Weirdness & Mutations

Your serpentine skin is tough. (AC +3)
You have supernaturally acute eyesight. (SInv)
Armour fits poorly on your strangely shaped body.
Your system is resistant to poisons. (rPois)
You cover ground very slowly.
You can spit poison.
You have a snake-like lower body.


Message History

Cheibriados thoroughly appreciates the change of pace.
Harold tramples you.
You hold your ground!
Harold trunk-slaps you but does no damage.
Unknown command.
You puncture Harold!
Your weapon exudes an aura of protection.
Harold is moderately wounded.
Harold closely misses you.
Harold trunk-slaps you but does no damage.
A kobold comes into view. It is wielding a +0 hunting sling.
Casting: Olgreb's Toxic Radiance (dangerous; 2% risk of failure)
Confirm with . or Enter, or press ? or * to list all spells.
You begin to radiate toxic energy.
Harold is poisoned.
You kill the kobold!
Cheibriados appreciates the change of pace.
Harold tramples you!
* * * LOW HITPOINT WARNING * * *
You stumble backwards!
Harold closely misses you. x2
Casting: Olgreb's Toxic Radiance (dangerous; 2% risk of failure)
Confirm with . or Enter, or press ? or * to list all spells.
Aiming: Freeze (safe; 1% risk of failure)
Press: ? - help, Shift-Dir - straight line, f/p - Harold
Aim: Harold the elephant (moderately wounded, poisoned)
You freeze Harold!
Harold is moderately wounded.
Harold looks even sicker.
Your toxic aura wanes.
Harold tramples you but does no damage. Harold trunk-slaps you.
* * * LOW HITPOINT WARNING * * *
Unknown command.
You hit Harold.
Your weapon exudes an aura of protection.
Harold is heavily wounded.
Harold tramples you!
* * * LOW HITPOINT WARNING * * *
You stumble backwards!
It was a potion of flight.
You feel very buoyant.
You fly up into the air.
Harold tramples you!
You die...

##<# ##)##..##>...## .#
...#....)..........#
...#≈..............##
...≈≈≈.....)........###
...#≈≈.................
##.##≈≈.####....####+## #
##.##≈≈.# ##...†###..##..#
......≈...#...†.).........
......≈...#.....@Y.)......
.....≈≈...#...............
......≈≈..#..........)....
.....#.≈..#...............
.....#.≈..#...............
##...# ##.####..###..###..
...# #'## ### . ..


You could see Harold the elephant (very poisoned).

Vanquished Creatures
  A wyvern (D:6)
  2 orc warriors
  A sky beast (D:6)
  An ice beast (D:7)
  3 ogres
  2 centaurs
  A kobold brigand (D:8)
  2 bullfrogs
  A necrophage (D:6)
  A gnoll sergeant (D:8)
  4 scorpions
  6 wights
  Dowan (D:7)
  5 killer bees (D:8)
  A howler monkey (D:7)
  A crimson imp (D:6)
  A gnoll shaman (D:6)
  2 hounds (D:6)
  3 orc priests
  3 jellies
  5 orc wizards
  An iguana (D:6)
  10 adders
  8 gnolls
  3 shadow imps
  A white imp (D:6)
  4 dart slugs
  21 orcs
  5 endoplasms
  A giant cockroach (D:2)
  2 goblins
  7 hobgoblins
  2 jackals
  8 kobolds
  A quokka (D:4)
  6 ball pythons
  4 bats
  2 frilled lizards (D:2)
  3 rats
  A butterfly (D:5)
137 creatures vanquished.

Notes
Turn   | Place    | Note
-------+----------+-------------------------------------------
     0 | D:1      | flinch the Naga Venom Mage began the quest for the Orb.
     0 | D:1      | Reached XP level 1. HP: 15/15 MP: 3/3
   787 | D:1      | Reached XP level 2. HP: 23/24 MP: 5/5
   790 | D:1      | Learned a level 2 spell: Poisonous Vapours
   792 | D:1      | Learned a level 1 spell: Freeze
   984 | D:1      | Reached skill level 1 in Fighting
  1145 | D:1      | Reached XP level 3. HP: 14/31 MP: 6/6
  1150 | D:1      | Upgraded the game from 0.29-a0-210-g9445043ebc to
                  | 0.29-a0-231-g945431f764
  1630 | D:2      | Reached XP level 4. HP: 35/39 MP: 6/8
  1775 | D:2      | Found a faded altar of an unknown god.
  1940 | D:2      | Reached skill level 5 in Poison Magic
  1943 | D:2      | Reached skill level 1 in Ice Magic
  2060 | D:3      | Found Voen's Distillery.
  2722 | D:4      | Noticed an ogre
  2742 | D:4      | Noticed a scorpion
  2748 | D:3      | Killed a scorpion
  2749 | D:3      | Reached XP level 5. HP: 40/45 MP: 9/9
  3073 | D:4      | Killed an ogre
  3074 | D:4      | Reached XP level 6. HP: 45/55 MP: 8/10
  3248 | D:4      | Reached skill level 1 in Short Blades
  3332 | D:5      | Entered Level 5 of the Dungeon
  3569 | D:5      | Identified a scroll of acquirement
  3571 | D:5      | Acquired the +12 dagger "Ucilob" {protect, Fragile rPois
                  | rC- Dex+8}
  3607 | D:5      | Found a staircase to the Ecumenical Temple.
  3620 | D:5      | Noticed an ice beast
  3622 | D:5      | Reached skill level 6 in Poison Magic
  3643 | D:4      | Reached XP level 7. HP: 18/62 MP: 11/11
  4140 | Temple   | Entered the Ecumenical Temple
  4220 | Temple   | Became a worshipper of Cheibriados the Contemplative
  4226 | Temple   | Learned a level 4 spell: Olgreb's Toxic Radiance
  4341 | D:5      | Reached skill level 5 in Stealth
  4656 | D:6      | Reached XP level 8. HP: 68/72 MP: 12/12
  4906 | D:6      | Reached skill level 7 in Poison Magic
  4924 | D:6      | Reached * piety under Cheibriados
  5118 | D:6      | Noticed a wyvern
  5125 | D:6      | Killed a wyvern
  5637 | D:7      | Reached XP level 9. HP: 58/80 MP: 7/13
  5643 | D:7      | Reached skill level 5 in Fighting
  5643 | D:7      | Reached skill level 1 in Armour
  5643 | D:7      | Reached skill level 1 in Invocations
  5646 | D:7      | Reached ** piety under Cheibriados
  5647 | D:7      | Reached skill level 8 in Poison Magic
  6254 | D:7      | Noticed Dowan
  6270 | D:7      | Killed Dowan
  6294 | D:7      | Noticed Duvessa
  6298 | D:7      | Noticed Duvessa
  6298 | D:7      | Duvessa changed into Duvessa the howler monkey
  6301 | D:7      | Killed Duvessa the howler monkey
  6614 | D:8      | Reached skill level 5 in Ice Magic
  6614 | D:8      | Reached skill level 1 in Evocations
  6783 | D:8      | Found a transporter.
  6787 | D:8      | Found a transporter.
  6790 | D:8      | Noticed Aksej's ghost (novice SpHu)
  6806 | D:8      | Noticed Harold
  6807 | D:8      | Reached *** piety under Cheibriados
  6810 | D:8      | Noticed Harold
  6810 | D:8      | Harold changed into Harold the elephant
  6816 | D:8      | Slain by Harold the elephant

Illustrated notes

Levels and vault maps discovered:
D:1:      dpeg_arrival_three_bigger_balls, layout_basic
D:2:      cheibrodos_old_hovel, layout_basic, hellmonk_ecumenical_altar_blasted
D:3:      layout_loops_ring, serial_shops, shop_fountains,
          minmay_misc_feat_ornament
D:4:      layout_rooms, chequers_arboretum
D:5:      layout_rooms, minmay_temple_entry_butterflies
D:6:      layout_rooms, minmay_fire_ice_demons
D:7:      layout_basic, dk_noncrumbling_3, uniq_duvessa
D:8:      layout_gridville, nicolae_ossuary_entry_giza,
          gammafunk_ghost_stat_death, serial_rivers,
          chequers_serial_rivers_small_b, chequers_serial_rivers_small_a,
          chequers_serial_rivers_small_3, chequers_serial_rivers_micro_e,
          uniq_harold
Temple:   mainiacjoe_temple_starburst

Skill      XL: |  1  2  3  4  5  6  7  8  9 |
---------------+----------------------------+-----
Fighting       | 1 2 3 4 5 |  5.6
Poison Magic   | 5 6 7 8 |  8.6
Ice Magic      | 1 2 3 4 5 |  5.3
Spellcasting   | 3 |  3.2
Short Blades   | 1 2 4 |  4.9
Stealth        | 4 5 7 |  7.0
Armour         | 2 |  2.2
Invocations    | 2 |  2.7
Evocations     | 1 |  1.9
Dodging        | |  1.5
Transmutations | |  1.0

Action                   |  1- 3 |  4- 6 |  7- 9 || total
-------------------------+-------+-------+-------++-------
Melee: Dagger            |    25 |    98 |   109 ||   232
       Unarmed           |     3 |       |       ||     3
       Punch             |       |     1 |     1 ||     2
 Cast: Sting             |     4 |     1 |     2 ||     7
       Poisonous Vapours |       |     1 |    17 ||    18
       Freeze            |       |       |     7 ||     7
       Olgreb's Toxic Ra |       |       |    20 ||    20
 Abil: Spit Poison       |    10 |    15 |    24 ||    49
Evoke: Wand              |       |       |     7 ||     7
  Use: Scroll            |       |     9 |     2 ||    11
       Potion            |       |       |     2 ||     2
 Stab: Sleeping          |     3 |     3 |     8 ||    14
Armor: Robe              |     5 |    51 |    19 ||    75
       Leather armour    |       |       |    24 ||    24
Dodge: Dodged            |    23 |    59 |    57 ||   139

Table legend: (Time is in decaauts)
 A = Elapsed time spent in this place.
 B = Non-inter-level travel time spent in this place.
 C = Inter-level travel time spent in this place.
 D = Time resting spent in this place.
 E = Time spent auto-exploring this place.
 F = Levels seen in this place.
 G = Mean time per level.
                   A        B        C        D        E       F      G
               +--------+--------+--------+--------+--------+-----+--------+
         Total |   9296 |   8799 |    497 |   1535 |   5281 |   9 | 1032.9 |
       Dungeon |   9082 |   8680 |    402 |   1535 |   5281 |   8 | 1135.2 |
        Temple |    213 |    119 |     94 |      0 |      0 |   1 |  213.0 |
               +--------+--------+--------+--------+--------+-----+--------+

Top non-repeatable levels by time:
     D:7: 1854 daAuts
     D:1: 1669 daAuts
     D:6: 1286 daAuts
     D:3: 1062 daAuts
     D:4: 1023 daAuts
     D:2: 962 daAuts
     D:5: 900 daAuts
     D:8: 323 daAuts
  Temple: 213 daAuts
